 Dungeon Crawl Stone Soup version 0.31-a0-865-g3d5d91748a (webtiles) character file.

Game seed: 904578717027890994

506 Shayle the Insei (level 7, -11/52 HPs)
             Began as a Human Shapeshifter on Oct 10, 2023.
             Mangled by Menkaure (18 damage)
             ... on level 5 of the Dungeon.
             The game lasted 00:10:05 (3381 turns).

Shayle the Insei (Human Shapeshifter)               Turns: 3381, Time: 00:10:06

Health: -11/52     AC:  2    Str: 13 (14) XL:     7   Next: 41%
Magic:  7/7        EV: 11    Int: 11      God:
Gold:   158        SH:  0    Dex: 12 (14) Spells: 6/6 levels left

rFire   . .          .
                       - Unarmed
rCold   . . .        (no shield)
rNeg    . . .        t - +1 ring mail {Will+}
rPois   .            (helmet currently unavailable)
rElec   .            (cloak currently unavailable)
rCorr   .            (gloves currently unavailable)
SInv    .            (boots currently unavailable)
Will    +....        q - amulet of the acrobat
Stlth   +            (no ring)
HPRegen 0.28/turn    (no ring)
MPRegen 0.10/turn

%: acrobat
@: beast-form, corroded
A: beast (slay +2)
a: Begin Untransformation


You were on level 5 of the Dungeon.
You were a hulking beast.
You visited 1 branch of the dungeon, and saw 5 of its levels.

You collected 158 gold pieces.

Inventory:

Hand Weapons
 s - a +1 dagger of draining
 u - a +3 dagger
Armour
 k - a +0 cloak
 n - a +0 helmet
 t - a +1 ring mail of willpower (worn)
Jewellery
 q - an amulet of the acrobat (around neck)
Talismans
 c - a beast talisman (active)
 d - a flux talisman
Scrolls
 g - a scroll of fog
 i - a scroll of vulnerability
 j - 2 scrolls of identify
 l - 3 scrolls of noise
 p - a scroll of amnesia {unknown}
 r - a scroll of butterflies {unknown}
Potions
 a - a potion of degeneration
 b - a potion of lignification
 e - 3 potions of brilliance {unknown}
 f - a potion of might {unknown}
 h - a potion of curing {unknown}


   Skills:
 + Level 3.6 Fighting
 + Level 4.1 Dodging
 + Level 4.6 Unarmed Combat
 + Level 4.4 Shapeshifting


You had 6 spell levels left.
You didn't know any spells.
Your spell library contained the following spells:

 Spells                   Type           Power      Damage    Failure   Level
 Foxfire                  Conj/Fire      0%         2x1d4     61%         1
 Poisonous Vapours        Pois/Air       0%         N/A       75%         2
 Mephitic Cloud           Conj/Pois/Air  0%         N/A       93%         3
 Freezing Cloud           Conj/Ice/Air   0%         6-21      100%        5
 Plasma Beam              Fire/Air       0%         2x1d10    100%        6
 Starburst                Conj/Fire      0%         6d3       100%        6


Dungeon Overview and Level Annotations

Branches:
Dungeon (5/15)
 Temple: D:4-7

Altars:
Qazlal

Annotations:
D:4 1 runed translucent door, Crazy Yiuf, Grinder
D:5 Menkaure


Message History

The jelly hits you but does no damage.
You hit the jelly. The acid corrodes you!
Your hands burn!
The jelly is almost dead.
Menkaure hits you!
* * * LOW HITPOINT WARNING * * *
The jelly barely misses you.
Unknown command.
You feel much better. Menkaure closely misses you.
The jelly closely misses you.
Menkaure calls on the powers of darkness!
The dart slug convulses!
Your body is wracked with pain!
You hit the jelly.
You kill the jelly!
Menkaure barely misses you.
You hit Menkaure.
Menkaure is moderately damaged.
Menkaure closely misses you.
You hit Menkaure.
Menkaure is heavily damaged.
Menkaure gestures at you while chanting.
Pain shoots through your body! The dart slug launches a dart at you.
The slug dart misses you.
Unknown command.
You barely miss Menkaure.
Menkaure is heavily damaged.
Menkaure hits you!
* * * LOW HITPOINT WARNING * * *
Unknown command.
You hit Menkaure.
Menkaure is almost destroyed.
Menkaure forgets how to speak, silenced by the ages.
Menkaure calls on the powers of darkness!
The dart slug convulses!
Your body is wracked with pain!
* * * LOW HITPOINT WARNING * * *
Unknown command.
You hit Menkaure but do no damage.
Menkaure is almost destroyed.
Menkaure hits you!!
You die...

#########################
#........?..............#...
#..........$............#...
#.......................#...
#......##...............#...
#########............w.w#...
#................#..(
#....M...........#...
##..hw..##....J..#...
#########.......'...
#§.......#... #§.......#...
#.....M.##... #.......#####
#........# #........#
##.......#


You could see Menkaure (fast) and a dart slug.

Vanquished Creatures
  Sigmund (D:4)
  2 hounds (D:5)
  A jelly (D:5)
  A sleepcap (D:5)
  An iguana (D:5)
  2 orc wizards (D:4)
  Robin (D:3)
  4 adders
  3 worms
  9 orcs
  3 ball pythons
  4 endoplasms
  3 giant cockroaches
  17 goblins
  11 hobgoblins
  5 jackals
  3 quokkas
  8 bats
  2 frilled lizards
  2 kobolds (D:1)
  6 rats
89 creatures vanquished.

Notes
Turn   | Place    | Note
-------+----------+-------------------------------------------
     0 | D:1      | Shayle the Human Shapeshifter began the quest for the Orb.
     0 | D:1      | Reached XP level 1. HP: 15/15 MP: 1/1
    96 | D:1      | Reached XP level 2. HP: 21/21 MP: 2/2
   388 | D:1      | Reached XP level 3. HP: 2/26 MP: 3/3
   930 | D:2      | Found a faded altar of an unknown god.
   953 | D:2      | Reached XP level 4. HP: 28/33 MP: 4/4
  1914 | D:3      | Reached XP level 5. HP: 38/38 MP: 5/5
  1943 | D:3      | Noticed Robin
  2006 | D:3      | Killed Robin
  2133 | D:3      | Found a stormy altar of Qazlal.
  2741 | D:4      | Noticed Sigmund
  2757 | D:4      | Killed Sigmund
  2758 | D:4      | Reached XP level 6. HP: 35/47 MP: 6/6
  2890 | D:4      | Found a runed translucent door.
  2891 | D:4      | Noticed Crazy Yiuf
  2976 | D:4      | Reached XP level 7. HP: 31/52 MP: 7/7
  3074 | D:4      | Noticed Grinder
  3088 | D:5      | Entered Level 5 of the Dungeon
  3318 | D:5      | Noticed Menkaure
  3381 | D:5      | Mangled by Menkaure

Illustrated notes

Levels and vault maps discovered:
D:1:      dpeg_arrival_lava_altar, layout_loops_cross
D:2:      layout_loops_ring, ebering_ecumenical_altar_webs
D:3:      layout_loops_ring, mainiacjoe_overflow_chevrons, uniq_robin
D:4:      layout_cave_pools, chequers_serial_rivers_marsh,
          uniq_crazy_yiuf_cottage, uniq_sigmund, uniq_grinder
D:5:      layout_gridville, nicolae_ossuary_entry_monument, uniq_menkaure

Skill      XL: |  1  2  3  4  5  6  7 |
---------------+----------------------+-----
Fighting       | 2 3 |  3.6
Dodging        | 3 4 |  4.1
Unarmed Combat | 4 |  4.6
Shapeshifting  | 4 |  4.4

Action                     |  1- 3 |  4- 6 |  7- 9 || total
---------------------------+-------+-------+-------++-------
  Melee: Unarmed           |    87 |   202 |    57 ||   346
         Punch             |     1 |     4 |     2 ||     7
    Use: Potion            |       |     3 |     1 ||     4
         Scroll            |       |       |     4 ||     4
 Armour: Animal skin       |    15 |       |       ||    15
         Ring mail         |    28 |   113 |    29 ||   170
         Skin              |       |     4 |       ||     4
         Scale mail        |       |     3 |       ||     3
  Dodge: Dodged            |    67 |   108 |    36 ||   211

Table legend: (Time is in decaauts)
 A = Elapsed time spent in this place.
 B = Non-inter-level travel time spent in this place.
 C = Inter-level travel time spent in this place.
 D = Time resting spent in this place.
 E = Time spent auto-exploring this place.
 F = Levels seen in this place.
 G = Mean time per level.
                   A        B        C        D        E       F      G
               +--------+--------+--------+--------+--------+-----+--------+
         Total |   3358 |   3211 |    147 |    299 |   1864 |   5 |  671.6 |
       Dungeon |   3358 |   3211 |    147 |    299 |   1864 |   5 |  671.6 |
               +--------+--------+--------+--------+--------+-----+--------+

Top non-repeatable levels by time:
     D:2: 879 daAuts
     D:1: 834 daAuts
     D:3: 826 daAuts
     D:4: 530 daAuts
     D:5: 288 daAuts
